 Dungeon Crawl Stone Soup version 0.31-a0-182-gc5ef74bbde (webtiles) character file.

Game seed: 18355106228599064276

1227 Anon1729 the Trooper (level 8, 0/106 HPs)
             Began as a Minotaur Monk on June 20, 2023.
             Slain by an ogre
             ... wielding a +0 giant club
              (14 damage)
             ... on level 5 of the Dungeon.
             The game lasted 00:02:49 (3435 turns).

Anon1729 the Trooper (Minotaur Monk)                Turns: 3435, Time: 00:02:49

Health: 0/106      AC: 16    Str: 12 (15) XL:     8   Next: 23%
Magic:  10/10      EV:  2    Int:  6 (7)  God:
Gold:   209        SH:  0    Dex: 14 (16) Spells: 7/7 levels left

rFire   . . .        D - +0 dagger (vamp)
rCold   . . .        d - orb {light}
rNeg    . . .        y - melded +0 leather armour of Snakes and Ladders {rPois Str+6 Dex+3 Stlth-}
rPois   +            (helmet currently unavailable)
rElec   .            (cloak currently unavailable)
rCorr   .            o - melded +0 pair of gloves
SInv    .            A - melded +2 pair of boots
Will    +....        v - amulet of regeneration
Stlth   +            (no ring)
HPRegen 1.17/turn    (no ring)
MPRegen 0.12/turn

%: no passive effects
@: confused, tree-form, ambrosia-drunk, corroded, attractive, enlightened,
glowing
A: stationary, stasis, torment immunity, boosted hp, (horns 2), (retaliatory
headbutt)
a: no special abilities


You were on level 5 of the Dungeon.
You were a tree.
You visited 1 branch of the dungeon, and saw 5 of its levels.

You collected 209 gold pieces.

Inventory:

Hand Weapons
 a - a +0 short sword
 D - a +0 vampiric dagger (weapon)
Missiles
 l - 3 datura-tipped darts
Armour
 b - a +0 robe
 d - an orb of light (worn)
 m - a +0 scale mail
 o - a +0 pair of gloves (melded)
 y - the +0 leather armour of Snakes and Ladders (melded) {rPois Str+6 Dex+3 Stlth-}
   (You found it on level 4 of the Dungeon)

   Str:       It affects your strength (+6).
   Dex:       It affects your dexterity (+3).
   rPois:     It protects you from poison.
   Stlth:     It makes you less stealthy.
 A - a +2 pair of boots (melded)
Jewellery
 u - a ring of ice
 v - an amulet of regeneration (around neck)
Scrolls
 c - 3 scrolls of revelation
 g - 2 scrolls of blinking {unknown}
 h - 3 scrolls of brand weapon {unknown}
 j - a scroll of silence {unknown}
 k - a scroll of vulnerability {unknown}
 n - a scroll of fear {unknown}
 q - 4 scrolls of identify
 r - a scroll of torment {unknown}
 t - a scroll of teleportation {unknown}
 w - 2 scrolls of poison {unknown}
 x - a scroll of noise {unknown}
Potions
 i - a potion of lignification


   Skills:
 + Level 6.4 Fighting
 + Level 5.8 Short Blades
 + Level 5.0 Armour
 + Level 5.8 Dodging
 + Level 4.1 Invocations


You had 7 spell levels left.
You didn't know any spells.
Your spell library contained the following spells:

 Spells                   Type           Power      Damage    Failure   Level
 Necrotise                Necr           0%         1d4       45%         1
 Vampiric Draining        Necr           0%         2d6       83%         3
 Manifold Assault         Tloc           0%         N/A       99%         4
 Agony                    Necr           0%         N/A       100%        5
 Summon Forest            Summ/Tloc      0%         N/A       100%        5
 Dispersal                Tloc           0%         N/A       100%        6
 Eringya's Noxious Bog    Tmut/Pois      0%         N/A       100%        6
 Summon Hydra             Summ           0%         N/A       100%        7
 Disjunction              Tloc           0%         N/A       100%        8


Dungeon Overview and Level Annotations

Branches:
Dungeon (5/15)
 Temple: D:4-7

Altars:
Nemelex Xobeh
Sif Muna


Innate Abilities, Weirdness & Mutations

You are a tree.
Your roots penetrate the ground, keeping you stationary.
You cannot be teleported.
You are immune to unholy pain and torment.
Your maximum health is greatly increased.
Your equipment is partially melded.
((You have a pair of horns on your head.))
((You reflexively headbutt those who attack you in melee.))


Message History

The ogre hits you but does no damage.
You hit the ogre.
You feel better.
The ogre is moderately wounded.
You hit the ogre.
The ogre is moderately wounded.
The ogre hits you but does no damage.
You hit the ogre but do no damage.
The ogre is moderately wounded.
You hit the ogre but do no damage.
The ogre is moderately wounded.
The ogre hits you with a +0 giant club.
* * * LOW HITPOINT WARNING * * *
Throw: 4 darts (datura)
Press: ? - help, Shift-Dir - straight line, f - ogre
Aim: an ogre, wielding a +0 giant club (moderately wounded, haloed, 94% to hit, chance to frenzy on hit: 27%)
You throw a datura-tipped dart. The datura-tipped dart hits the ogre.
The ogre resists.
The ogre is moderately wounded.
You hit the ogre but do no damage.
The ogre is moderately wounded.
The ogre hits you with a +0 giant club!
* * * LOW HITPOINT WARNING * * *
It was a potion of heal wounds.
You feel much better. The ogre hits you with a +0 giant club!
* * * LOW HITPOINT WARNING * * *
It was a potion of degeneration.
There was something very wrong with that liquid.
You feel weakened.
You feel dopey.
You feel clumsy.
It was a potion of enlightenment.
Your roots keep you in place.
The ogre hits you with a +0 giant club.
* * * LOW HITPOINT WARNING * * *
It was a potion of magic.
Magic courses through your body. The ogre hits you but does no damage.
It was a potion of attraction.
You feel attractive to monsters.
You aren't carrying any items that you can evoke.
Unknown command.
You are confused.
You feel invigorated. The ogre hits you with a +0 giant club!
You die...

..........# #...
####.......## #..#
#....##+##..# #..#
#.##.##.##..###.##
#.##.##.##...##.##
#.##.##...........
#........#.###.>..
...####'#####..#.#
##.## .......♣..#
#..#.####.##
......O...#
#..#........
..........#
#..#########
..........# .... #
.#........# #..##
# ..........# #..#
# ..........# #
..........# #
########


You could see an ogre.

Vanquished Creatures
  Grinder (D:5)
  Sigmund (D:3)
  A water moccasin (D:5)
  A black bear (D:5)
  An ogre (D:4)
  A phantom (D:5)
  A scorpion (D:4)
  A howler monkey (D:4)
  3 jellies
  An orc priest (D:2)
  A sleepcap (D:5)
  Jessica (D:3)
  Terence (D:2)
  2 iguanas (D:4)
  2 orc wizards (D:5)
  A gnoll (D:1)
  3 adders
  An ufetubus (D:4)
  A worm (D:2)
  2 dart slugs
  8 orcs
  5 bats
  8 endoplasms
  9 giant cockroaches
  7 goblins
  3 hobgoblins
  8 jackals
  3 quokkas
  4 ball pythons
  4 frilled lizards
  8 kobolds
  3 rats
97 creatures vanquished.

Notes
Turn   | Place    | Note
-------+----------+-------------------------------------------
     0 | D:1      | Anon1729 the Minotaur Monk began the quest for the Orb.
     0 | D:1      | Reached XP level 1. HP: 19/19 MP: 0/0
    13 | D:1      | Reached XP level 2. HP: 23/27 MP: 1/1
   117 | D:1      | Reached skill level 1 in Armour
   257 | D:1      | Reached skill level 4 in Fighting
   257 | D:1      | Reached skill level 1 in Invocations
   257 | D:1      | Reached XP level 3. HP: 27/33 MP: 2/2
   921 | D:2      | Noticed Terence
   932 | D:2      | Killed Terence
   933 | D:2      | Reached XP level 4. HP: 40/40 MP: 2/4
  1078 | D:3      | Noticed Sigmund
  1369 | D:3      | Killed Sigmund
  1370 | D:3      | Reached XP level 5. HP: 40/47 MP: 5/5
  1417 | D:3      | Noticed Jessica
  1434 | D:3      | Killed Jessica
  1435 | D:3      | Reached XP level 6. HP: 37/55 MP: 6/6
  2108 | D:2      | Reached skill level 5 in Fighting
  2647 | D:4      | Found a shimmering blue altar of Sif Muna.
  2738 | D:4      | Identified the +0 leather armour of Snakes and Ladders
                  | {rPois Str+6 Dex+3 Stlth-}
  2816 | D:4      | Reached skill level 5 in Short Blades
  2816 | D:4      | Reached skill level 5 in Dodging
  2816 | D:4      | Reached XP level 7. HP: 61/61 MP: 8/8
  3000 | D:5      | Entered Level 5 of the Dungeon
  3001 | D:5      | Noticed Grinder
  3001 | D:5      | Paralysed by Grinder for 2 turns
  3021 | D:5      | Killed Grinder
  3149 | D:5      | Reached skill level 6 in Fighting
  3153 | D:5      | Found a sparkling altar of Nemelex Xobeh.
  3177 | D:5      | Reached XP level 8. HP: 70/70 MP: 9/9
  3357 | D:5      | Reached skill level 5 in Armour
  3435 | D:5      | Slain by an ogre

Illustrated notes

Levels and vault maps discovered:
D:1:      ldierk_walled_garden_2, layout_rooms, minmay_worlds_worst_comb
D:2:      layout_basic, kennysheep_small_spiral, uniq_terence
D:3:      layout_rooms, uniq_sigmund, uniq_jessica
D:4:      layout_basic, lemuel_doored_altar
D:5:      layout_basic, mainiacjoe_overflow_brackets,
          nemelex_xobeh_ov_fountains_minmay, grunt_ministairs_4, uniq_grinder,
          uniq_ijyb

Skill      XL: |  1  2  3  4  5  6  7  8 |
---------------+-------------------------+-----
Armour         | 1 2 3 4 5 |  5.0
Fighting       | 4 5 6 |  6.4
Invocations    | 1 2 3 4 |  4.1
Short Blades   | 4 5 |  5.8
Dodging        | 4 5 |  5.8

Action                     |  1- 3 |  4- 6 |  7- 9 || total
---------------------------+-------+-------+-------++-------
  Melee: Short sword       |    97 |   145 |    49 ||   291
         Headbutt          |    18 |    35 |    27 ||    80
         Dagger            |       |       |    30 ||    30
  Throw: Dart              |       |       |     1 ||     1
    Use: Potion            |       |     1 |     8 ||     9
         Scroll            |       |       |     1 ||     1
 Armour: Robe              |    15 |       |       ||    15
         Scale mail        |    10 |    65 |       ||    75
         Leather armour    |       |       |    18 ||    18
         Skin              |       |       |     3 ||     3
  Dodge: Dodged            |    50 |   103 |    29 ||   182

Table legend: (Time is in decaauts)
 A = Elapsed time spent in this place.
 B = Non-inter-level travel time spent in this place.
 C = Inter-level travel time spent in this place.
 D = Time resting spent in this place.
 E = Time spent auto-exploring this place.
 F = Levels seen in this place.
 G = Mean time per level.
                   A        B        C        D        E       F      G
               +--------+--------+--------+--------+--------+-----+--------+
         Total |   3369 |   2907 |    462 |    282 |   2043 |   5 |  673.8 |
       Dungeon |   3369 |   2907 |    462 |    282 |   2043 |   5 |  673.8 |
               +--------+--------+--------+--------+--------+-----+--------+

Top non-repeatable levels by time:
     D:2: 1065 daAuts
     D:1: 772 daAuts
     D:4: 561 daAuts
     D:3: 559 daAuts
     D:5: 410 daAuts
